 Dungeon Crawl Stone Soup version 0.30-a0-234-g97d66968fd (webtiles) character file.

Game seed: 9488255486701540384

1230 910rd the Cleaver (level 8, -1/49 HPs)
             Began as a Gargoyle Fighter on Oct 10, 2022.
             Engulfed by a steam dragon's steam (9 damage)
             ... on level 6 of the Dungeon.
             The game lasted 00:14:33 (6487 turns).

910rd the Cleaver (Gargoyle Fighter)                Turns: 6487, Time: 00:14:33

Health: -1/49      AC: 17    Str: 21    XL:     8   Next: 48%
Magic:  8/8        EV:  7    Int: 10    God:
Gold:   404        SH:  4    Dex:  9    Spells: 7/7 levels left

rFire   . . .      SeeInvis .    a - +1 war axe
rCold   . . .      Faith    .    c - +0 buckler
rNeg    + . .      Spirit   .    w - +0 chain mail
rPois   ∞          Reflect  .    (no helmet)
rElec   +          Harm     .    s - +0 cloak
rCorr   .          Rampage  .    B - +0 pair of gloves
Will    .....                    (no boots)
Stlth   ..........               (no amulet)
HPRegen 0.28/turn                (no ring)
MPRegen 0.11/turn                (no ring)

@: no status effects
A: sickness immunity, AC +5, negative energy resistance 1, electricity
resistance, torment resistance 1, petrification resistance
a: no special abilities


You were on level 6 of the Dungeon.
You visited 2 branches of the dungeon, and saw 7 of its levels.

You collected 404 gold pieces.

Inventory:

Hand Weapons
 a - a +1 war axe (weapon)
 h - a +2 short sword of protection
 r - a +0 dagger of draining
 t - a +1 vampiric short sword
 z - a +0 spear of venom
Missiles
 f - a throwing net
 o - 4 poisoned darts (quivered)
Armour
 b - a +0 scale mail
 c - a +0 buckler (worn)
 e - a +0 plate armour
 s - a +0 cloak (worn)
 u - a +1 leather armour of cold resistance
 w - a +0 chain mail (worn)
 B - a +0 pair of gloves (worn)
Magical Staves
 m - a staff of earth
Jewellery
 g - a ring of fire
Wands
 p - a wand of flame (15)
 A - a wand of roots (6)
Scrolls
 l - 3 scrolls of teleportation
 y - a scroll of noise
Potions
 d - a potion of might
 i - a potion of flight
 j - a potion of curing
 k - a potion of resistance
 n - a potion of magic
 q - 3 potions of haste
 v - 2 potions of heal wounds {unknown}
 x - a potion of degeneration {unknown}


   Skills:
 + Level 5.3 Fighting
 - Level 8.0 Axes
 - Level 4.0 Armour
 - Level 2.0 Dodging
 - Level 3.2 Shields


You had 7 spell levels left.
You didn't know any spells.
Your spell library contained the following spells:

 Spells                   Type           Power      Damage    Failure   Level
 Freeze                   Ice            0%         1d3       99%         1
 Kiss of Death            Conj/Necr      0%         2d5       99%         1
 Slow                     Hex            0%         N/A       99%         1
 Summon Small Mammal      Summ           0%         N/A       99%         1
 Blink                    Tloc           0%         N/A       100%        2
 Momentum Strike          Conj/Tloc      0%         3d8       100%        2
 Frozen Ramparts          Ice            0%         1d1       100%        3
 Hailstorm                Conj/Ice       0%         3d3       100%        3
 Lesser Beckoning         Tloc           0%         N/A       100%        3


Dungeon Overview and Level Annotations

Branches:
Dungeon (6/15) Zot: 26935  Temple (1/1) D:5 Zot: 5800

Altars:
Ashenzari
Cheibriados
Dithmenos
Elyvilon
Fedhas
Gozag
Hepliaklqana
Kikubaaqudgha
Makhleb
Nemelex Xobeh
Okawaru
Qazlal
Ru
Sif Muna
Trog
Uskayaw
Vehumet
Wu Jian
Xom
Yredelemnul
Zin


Innate Abilities, Weirdness & Mutations

You are immune to sickness and miasma.
Your stone body is resilient. (AC +5)
You are immune to poison.
You resist negative energy. (rN+)
You are resistant to electric shocks. (rElec)
You are resistant to unholy torment.
You are immune to petrification.


Message History

* * * LOW HITPOINT WARNING * * *
You take 21 damage, and have 7/49 hp.
MASSIVE DAMAGE!!
You are too injured to fight recklessly!
You are too injured to fight recklessly!
You feel better.
You are engulfed in a cloud of scalding steam.
The steam dragon bites you but does no damage.
The steam dragon claws you but does no damage.
You regained 6 hp, and now have 13/49 hp.
You hit the steam dragon.
The steam dragon is moderately wounded.
The steam dragon bites you but does no damage.
The steam dragon claws you but does no damage.
The steam dragon bites you but does no damage.
The steam dragon claws you but does no damage.
You barely miss the steam dragon.
The steam dragon is moderately wounded.
The steam dragon bites you.
* * * LOW HITPOINT WARNING * * *
The steam dragon claws you but does no damage.
You take 2 damage, and have 11/49 hp.
You closely miss the steam dragon.
The steam dragon is moderately wounded.
The steam dragon breathes steam at you.
The ball of steam hits you but does no damage.
You slash the steam dragon!
The steam dragon is heavily wounded.
You are engulfed in a cloud of scalding steam.
* * * LOW HITPOINT WARNING * * *
The steam dragon bites you.
* * * LOW HITPOINT WARNING * * *
The steam dragon claws you but does no damage.
You take 4 damage, and have 8/49 hp.
Aiming: Fastroot
Press: ? - help, Shift-Dir - straight line, f - steam dragon
Aim: a steam dragon (heavily wounded, catching its breath)
The roots erupt in riotous growth!
Roots grab the steam dragon.
You are engulfed in a cloud of scalding steam.
You die...

#####################
#..........§§@D......
#.###################
#.###### #......# #
#.####.# .# #.# #.#
####.##### #.# #.#
#....(.... #.# #.#
#.......# ..# #.#
#.......#


You could see a steam dragon (catching breath, rooted).

Vanquished Creatures
  Duvessa (D:4)
  An ice beast (D:5)
  An ogre (D:4)
  2 phantoms
  A gnoll sergeant (D:5)
  Dowan (D:4)
  3 hounds
  2 jellies
  A gnoll bouda (D:4)
  Ijyb (D:5)
  Terence (D:3)
  4 iguanas
  Natasha (thrice) (D:2)
  10 gnolls
  10 adders
  A white imp (D:5)
  An ufetubus (D:5)
  3 worms
  A dart slug (D:4)
  An orc (D:4)
  8 ball pythons
  9 endoplasms
  2 giant cockroaches (D:4)
  8 goblins
  6 hobgoblins
  12 kobolds
  4 quokkas
  6 bats
  2 frilled lizards
  3 rats
109 creatures vanquished.

Notes
Turn   | Place    | Note
-------+----------+-------------------------------------------
     0 | D:1      | 910rd the Gargoyle Fighter began the quest for the Orb.
     0 | D:1      | Reached XP level 1. HP: 14/14 MP: 1/1
    62 | D:1      | Reached skill level 2 in Axes
   107 | D:1      | Reached XP level 2. HP: 13/19 MP: 2/2
   440 | D:1      | Reached skill level 3 in Axes
   562 | D:2      | Reached XP level 3. HP: 18/23 MP: 3/3
   842 | D:2      | Reached XP level 4. HP: 24/28 MP: 4/4
   846 | D:2      | Noticed Natasha
   852 | D:2      | Killed Natasha
   853 | D:2      | Reached skill level 4 in Axes
  1125 | D:2      | Found a blossoming altar of Fedhas.
  1611 | D:2      | Found a blossoming altar of Fedhas.
  2068 | D:2      | Noticed Natasha
  2078 | D:2      | Killed Natasha
  2079 | D:2      | Reached XP level 5. HP: 28/32 MP: 5/5
  2239 | D:2      | Found a blossoming altar of Fedhas.
  2635 | D:2      | Noticed Natasha
  2653 | D:2      | Killed Natasha
  2654 | D:2      | Reached skill level 5 in Axes
  2969 | D:3      | Reached XP level 6. HP: 33/39 MP: 6/6
  3059 | D:3      | Found an opulent altar of Gozag.
  3065 | D:3      | Found a bloodstained altar of Trog.
  3071 | D:3      | Found an iron altar of Okawaru.
  3240 | D:3      | Noticed Terence
  3251 | D:3      | Killed Terence
  3252 | D:3      | Reached skill level 5 in Fighting
  3479 | D:4      | Reached skill level 1 in Dodging
  3704 | D:4      | Noticed Dowan
  4025 | D:4      | Reached XP level 7. HP: 44/44 MP: 7/7
  4064 | D:4      | Noticed Duvessa
  4079 | D:4      | Killed Duvessa
  4092 | D:4      | Killed Dowan
  4093 | D:4      | Reached skill level 6 in Axes
  4878 | D:5      | Entered Level 5 of the Dungeon
  5084 | D:5      | Reached XP level 8. HP: 27/49 MP: 8/8
  5233 | D:5      | Found a staircase to the Ecumenical Temple.
  5238 | D:5      | Got Spellweaving, Part One
  5247 | Temple   | Entered the Ecumenical Temple
  5391 | D:5      | Found a broken altar of Ashenzari.
  5395 | D:5      | Saw a vision of the Shoals and the Spider Nest.
  5395 | D:5      | Noticed a snapping turtle
  5395 | D:5      | Noticed a culicivora
  5395 | D:5      | Noticed a merfolk siren
  5395 | D:5      | Noticed a tarantella
  5395 | D:5      | Noticed a steelbarb worm
  5395 | D:5      | Noticed a torpor snail
  5395 | D:5      | Noticed a wind drake
  5395 | D:5      | Noticed a wind drake
  5395 | D:5      | Noticed a jumping spider
  5395 | D:5      | Noticed a merfolk siren
  5395 | D:5      | Noticed a tarantella
  5395 | D:5      | Noticed a wolf spider
  5395 | D:5      | Noticed a snapping turtle
  5395 | D:5      | Noticed a snapping turtle
  5396 | D:5      | Noticed a wolf spider
  5396 | D:5      | Noticed an orb spider
  5396 | D:5      | Noticed a jumping spider
  5396 | D:5      | Noticed a moth of wrath
  5432 | D:5      | Reached skill level 7 in Axes
  5849 | D:5      | Noticed Ijyb
  5854 | D:5      | Killed Ijyb
  5959 | D:5      | Found a sparkling altar of Nemelex Xobeh.
  6430 | D:6      | Reached skill level 8 in Axes
  6487 | D:6      | Engulfed by a steam dragon's steam

Illustrated notes

Levels and vault maps discovered:
D:1:      evilmike_arrival_rings, layout_rooms, corner_web_ring
D:2:      layout_loops_corners, basic_altar, uniq_natasha
D:3:      layout_basic, grunt_temple_overflow_diamond, uniq_terence
D:4:      minmay_skewed_foursquare, layout_cave_pools, minmay_joined_circles,
          uniq_duvessa
D:5:      layout_loops_ring, grunt_ashenzari_visionary
          [grunt_ashenzari_visionary_shoals, grunt_ashenzari_visionary_spider],
          kennysheep_mini, minmay_temple_entry_offerings, uniq_ijyb
D:6:      layout_loops_ring, gup_sewer_entry_spiral, minmay_microvault
Temple:   kb_temple_of_zot

Skill      XL: |  1  2  3  4  5  6  7  8 |
---------------+-------------------------+-----
Axes           | 2 3 4 5 6 8 |  8.0
Fighting       | 4 5 |  5.3
Dodging        | 2 |  2.0
Armour         | 4 |  4.0
Shields        | |  3.2

Action                   |  1- 3 |  4- 6 |  7- 9 || total
-------------------------+-------+-------+-------++-------
Melee: War axe           |    71 |   160 |   174 ||   405
Throw: Dart              |       |       |     2 ||     2
Evoke: Wand              |       |       |     5 ||     5
  Use: Scroll            |       |     8 |     2 ||    10
       Potion            |       |     3 |     2 ||     5
Armor: Scale mail        |    40 |    58 |       ||    98
       Chain mail        |       |    43 |   122 ||   165
Dodge: Dodged            |    23 |    72 |    68 ||   163
Block: Buckler           |    11 |    39 |    40 ||    90

Table legend: (Time is in decaauts)
 A = Elapsed time spent in this place.
 B = Non-inter-level travel time spent in this place.
 C = Inter-level travel time spent in this place.
 D = Time resting spent in this place.
 E = Time spent auto-exploring this place.
 F = Levels seen in this place.
 G = Mean time per level.
                   A        B        C        D        E       F      G
               +--------+--------+--------+--------+--------+-----+--------+
         Total |   6634 |   6331 |    303 |    871 |   4255 |   7 |  947.7 |
       Dungeon |   6435 |   6148 |    287 |    781 |   4175 |   6 | 1072.5 |
        Temple |    199 |    183 |     16 |     90 |     80 |   1 |  199.0 |
               +--------+--------+--------+--------+--------+-----+--------+

Top non-repeatable levels by time:
     D:2: 2278 daAuts
     D:4: 1368 daAuts
     D:5: 1247 daAuts
     D:3: 934 daAuts
     D:1: 541 daAuts
  Temple: 199 daAuts
     D:6: 64 daAuts
